 Dungeon Crawl Stone Soup version 0.30-a0-824-g6c64550be9 (webtiles) character file.

Game seed: 16595085428501485199

135 PLAYERX the Covert (level 5, -1/37 HPs)
             Began as a Gnoll Wanderer on Feb 27, 2023.
             Was a Follower of Makhleb.
             Slain by Grinder (2 damage)
             ... on level 3 of the Dungeon.
             The game lasted 00:08:34 (2084 turns).

PLAYERX the Covert (Gnoll Wanderer)                 Turns: 2084, Time: 00:08:35

Health: -1/37      AC:  8    Str: 18    XL:     5   Next: 18%
Magic:  7/7        EV:  5    Int:  8    God:    Makhleb [*.....]
Gold:   106        SH: 10    Dex: 10    Spells: 6/6 levels left

rFire   . . .      SeeInvis .    a - +2 dagger
rCold   . . .      Faith    .    f - +0 tower shield
rNeg    . . .      Spirit   .    d - +0 scale mail
rPois   .          Reflect  .    (no helmet)
rElec   .          Harm     .    (no cloak)
rCorr   .          Rampage  .    (no gloves)
Will    .....                    (no boots)
Stlth   +++                      (no amulet)
HPRegen 0.26/turn                (no ring)
MPRegen 0.10/turn                (no ring)

@: no status effects
A: fangs 1, strong nose, distributed training
a: Renounce Religion


You were on level 3 of the Dungeon.
You worshipped Makhleb.
Makhleb was aware of your devotion.
You visited 1 branch of the dungeon, and saw 3 of its levels.

You collected 106 gold pieces.

Inventory:

Hand Weapons
 a - a +2 dagger (weapon)
Armour
 d - a +0 scale mail (worn)
 f - a +0 tower shield (worn)
Jewellery
 k - an amulet of the acrobat
 m - a +6 ring of intelligence
 p - an amulet of faith
Scrolls
 e - a scroll of blinking
 i - 2 scrolls of amnesia {unknown}
 j - 3 scrolls of identify {unknown}
 o - a scroll of immolation {unknown}
Potions
 b - a potion of might
 c - 2 potions of mutation
 h - a potion of degeneration {unknown}
 l - a potion of ambrosia {unknown}
 n - a potion of lignification {unknown}


   Skills:
 + Level 1.4 Fighting
 + Level 1.4 Short Blades
 + Level 1.4 Long Blades
 + Level 1.4 Axes
 + Level 1.4 Maces & Flails
 + Level 1.4 Polearms
 + Level 1.4 Staves
 + Level 1.4 Ranged Weapons
 + Level 1.4 Throwing
 + Level 8.6 Armour
 + Level 1.4 Dodging
 + Level 9.7 Stealth
 + Level 1.4 Shields
 + Level 3.0 Unarmed Combat
 + Level 1.4 Spellcasting
 + Level 1.1 Conjurations
 + Level 1.1 Hexes
 + Level 1.1 Summonings
 + Level 1.1 Necromancy
 + Level 1.1 Translocations
 + Level 1.1 Transmutations
 + Level 1.1 Fire Magic
 + Level 1.1 Ice Magic
 + Level 1.1 Air Magic
 + Level 1.1 Earth Magic
 + Level 1.1 Poison Magic
 + Level 1.6 Invocations
 + Level 1.4 Evocations


You had 6 spell levels left.
You didn't know any spells.
Your spell library contained the following spells:

 Spells                   Type           Power      Damage    Failure   Level
 Slow                     Hex            8%         N/A       100%        1
 Scorch                   Fire           4%         2d5       100%        2
 Confusing Touch          Hex            2%         N/A       100%        3
 Vampiric Draining        Necr           2%         2d6       100%        3
 Flame Wave               Conj/Fire      2%         2d4       100%        4
 Summon Cactus Giant      Summ           1%         N/A       100%        6


Dungeon Overview and Level Annotations

Branches:
Dungeon (3/15)

Altars:
Elyvilon
Hepliaklqana
Makhleb
The Shining One

Annotations:
D:3 Grinder


Innate Abilities, Weirdness & Mutations

You have very sharp teeth.
Your uncanny sense of smell can sniff out nearby items.
Your experience applies equally to all skills.


Message History

Grinder gestures at you.
You barely resist. The grasping roots constrict you.
The grasping roots release their grip on you.
You hit Grinder.
Grinder is lightly wounded.
You block Grinder's attack.
Grinder says, "There's only one good use for a tongue: cutting it out."
Grinder gestures at you. You resist with significant effort.
You hit Grinder. You bite Grinder.
Grinder is lightly wounded.
Grinder zaps a wand.
The roots erupt in riotous growth!
The grasping roots grab you!
Grinder is unaffected.
The grasping roots constrict you.
You hear an angry hiss.
You closely miss Grinder.
Grinder is lightly wounded.
Grinder blinks!
The grasping roots constrict you!
Okay, then.
Okay, then.
Okay, then.
Press: ? - help, v - describe, . - travel
Here: Grinder, carrying a wand of roots (1) (lightly wounded)
The floor.
You escape the roots grasp.
The frilled lizard bites you but does no damage.
You completely miss the frilled lizard.
You block the frilled lizard's attack. x2
You hit the frilled lizard.
You kill the frilled lizard!
Makhleb accepts your kill.
Grinder zaps a wand.
The roots erupt in riotous growth!
The grasping roots grab you!
Grinder is unaffected.
The now-empty wand crumbles to dust.
The grasping roots constrict you.
* * * LOW HITPOINT WARNING * * *
Your Unarmed Combat skill increases to level 3!
You escape the roots grasp.
Grinder attacks as you move away! Grinder hits you!
* * * LOW HITPOINT WARNING * * *
You writhe in agony.
You die...

##+## ####### . .....
....>.# ##...l #...#
......###.....# #._.# #
......##......#.#...#.#
.........#....+...5...+
...†..# #....####'#
......# #......##.#
......# #......@5.#
......# #......####
......# ###....#
......# #....# #######
#....# ##.### #.# #.# ♣
♣♣##### #.#


You could see Grinder.

Vanquished Creatures
  An orc priest (D:3)
  An orc wizard (D:3)
  2 adders (D:3)
  4 dart slugs
  2 orcs (D:3)
  4 ball pythons
  4 endoplasms
  A giant cockroach (D:1)
  7 goblins
  3 hobgoblins
  4 jackals (D:2)
  2 kobolds (D:1)
  A quokka (D:1)
  4 bats (D:1)
  4 frilled lizards
  4 rats
48 creatures vanquished.

Notes
Turn   | Place    | Note
-------+----------+-------------------------------------------
     0 | D:1      | Reached skill level 9 in Stealth
     0 | D:1      | PLAYERX the Gnoll Wanderer began the quest for the Orb.
     0 | D:1      | PLAYERX set off with the following items: a +2 dagger, a
                  | potion of might, a potion of mutation, a +0 scale mail, a
                  | scroll of blinking.
     0 | D:1      | Reached XP level 1. HP: 13/13 MP: 1/1
   151 | D:1      | Reached XP level 2. HP: 13/19 MP: 2/2
   577 | D:1      | Reached XP level 3. HP: 23/25 MP: 3/3
   954 | D:2      | Reached skill level 1 in Invocations
  1016 | D:2      | Found a faded altar of an unknown god.
  1023 | D:2      | Prayed at the altar of an unknown god.
  1023 | D:2      | Became a worshipper of Makhleb the Destroyer
  1023 | D:2      | Reached * piety under Makhleb
  1614 | D:3      | Found a hazy altar of Hepliaklqana.
  1625 | D:3      | Reached skill level 1 in Fighting
  1625 | D:3      | Reached skill level 1 in Short Blades
  1625 | D:3      | Reached skill level 1 in Long Blades
  1625 | D:3      | Reached skill level 1 in Axes
  1625 | D:3      | Reached skill level 1 in Maces & Flails
  1625 | D:3      | Reached skill level 1 in Polearms
  1625 | D:3      | Reached skill level 1 in Staves
  1625 | D:3      | Reached skill level 1 in Ranged Weapons
  1625 | D:3      | Reached skill level 1 in Throwing
  1625 | D:3      | Reached skill level 1 in Dodging
  1625 | D:3      | Reached skill level 1 in Shields
  1625 | D:3      | Reached skill level 1 in Spellcasting
  1625 | D:3      | Reached skill level 1 in Evocations
  1697 | D:3      | Reached XP level 4. HP: 27/32 MP: 5/5
  1785 | D:3      | Reached skill level 1 in Conjurations
  1785 | D:3      | Reached skill level 1 in Hexes
  1785 | D:3      | Reached skill level 1 in Summonings
  1785 | D:3      | Reached skill level 1 in Necromancy
  1785 | D:3      | Reached skill level 1 in Translocations
  1785 | D:3      | Reached skill level 1 in Transmutations
  1785 | D:3      | Reached skill level 1 in Fire Magic
  1785 | D:3      | Reached skill level 1 in Ice Magic
  1785 | D:3      | Reached skill level 1 in Air Magic
  1785 | D:3      | Reached skill level 1 in Earth Magic
  1785 | D:3      | Reached skill level 1 in Poison Magic
  1788 | D:3      | Reached XP level 5. HP: 5/37 MP: 5/7
  2017 | D:3      | Found a white marble altar of Elyvilon.
  2070 | D:3      | Found a glowing golden altar of the Shining One.
  2070 | D:3      | Noticed Grinder
  2084 | D:3      | HP: 1/37 [Grinder (9)]
  2084 | D:3      | Slain by Grinder

Illustrated notes

Levels and vault maps discovered:
D:1:      minmay_arrival_jagged, layout_basic
D:2:      layout_loops_ring, ebering_ecumenical_altar_sacrificial
D:3:      layout_basic, nicolae_hepliaklqana_hazy_memory, elyvilon_altar_3,
          mainiacjoe_overflow_six_doors_small, serial_bayou_pond_b, uniq_grinder

Skill      XL: |  1  2  3  4  5 |
---------------+----------------+-----
Stealth        | |  9.7
Invocations    | 1 |  1.6
Fighting       | 1 |  1.4
Short Blades   | 1 |  1.4
Long Blades    | 1 |  1.4
Axes           | 1 |  1.4
Maces & Flails | 1 |  1.4
Polearms       | 1 |  1.4
Staves         | 1 |  1.4
Ranged Weapons | 1 |  1.4
Throwing       | 1 |  1.4
Dodging        | 1 |  1.4
Shields        | 1 |  1.4
Spellcasting   | 1 |  1.4
Evocations     | 1 |  1.4
Conjurations   | 1 |  1.1
Hexes          | 1 |  1.1
Summonings     | 1 |  1.1
Necromancy     | 1 |  1.1
Translocations | 1 |  1.1
Transmutations | 1 |  1.1
Fire Magic     | 1 |  1.1
Ice Magic      | 1 |  1.1
Air Magic      | 1 |  1.1
Earth Magic    | 1 |  1.1
Poison Magic   | 1 |  1.1
Unarmed Combat | 3 |  3.0
Armour         | |  8.6

Action                     |  1- 3 |  4- 6 || total
---------------------------+-------+-------++-------
  Melee: Dagger            |   146 |    36 ||   182
         Bite              |     7 |     2 ||     9
    Use: Potion            |       |     3 ||     3
   Stab: Sleeping          |     6 |     2 ||     8
 Armour: Scale mail        |   112 |     8 ||   120
  Dodge: Dodged            |    46 |     5 ||    51
  Block: Tower shield      |    93 |    18 ||   111

Table legend: (Time is in decaauts)
 A = Elapsed time spent in this place.
 B = Non-inter-level travel time spent in this place.
 C = Inter-level travel time spent in this place.
 D = Time resting spent in this place.
 E = Time spent auto-exploring this place.
 F = Levels seen in this place.
 G = Mean time per level.
                   A        B        C        D        E       F      G
               +--------+--------+--------+--------+--------+-----+--------+
         Total |   2152 |   2152 |      0 |    356 |   1184 |   3 |  717.3 |
       Dungeon |   2152 |   2152 |      0 |    356 |   1184 |   3 |  717.3 |
               +--------+--------+--------+--------+--------+-----+--------+

Top non-repeatable levels by time:
     D:1: 942 daAuts
     D:2: 684 daAuts
     D:3: 526 daAuts
